 Dungeon Crawl Stone Soup version 0.30-a0-358-g0d69a1922f (webtiles) character file.

Game seed: 4513361117999416349

2377 bande the Chopper (level 9, -1/55 HPs)
             Began as a Gargoyle Fighter on Nov 9, 2022.
             Was a Priest of Okawaru.
             Slain by a hornet (12 damage)
             ... on level 6 of the Dungeon.
             The game lasted 00:11:08 (5827 turns).

bande the Chopper (Gargoyle Fighter)                Turns: 5827, Time: 00:11:08

Health: -1/55      AC: 20    Str: 20    XL:     9   Next: 45%
Magic:  12/12      EV:  6    Int:  9    God:    Okawaru [***...]
Gold:   333        SH:  5    Dex: 13    Spells: 8/8 levels left

rFire   . . .      SeeInvis .    B - +2 broad axe (flame)
rCold   . . .      Faith    .    c - +0 buckler
rNeg    + + .      Spirit   .    m - +0 plate armour
rPois   ∞          Reflect  .    (no helmet)
rElec   +          Harm     .    o - +0 cloak
rCorr   .          Rampage  .    (no gloves)
Will    .....                    (no boots)
Stlth   ..........               n - amulet of regeneration
HPRegen 1.09/turn                b - ring of positive energy
MPRegen 0.13/turn                (no ring)

@: no status effects
A: sickness immunity, AC +6, negative energy resistance 1, electricity
resistance, torment resistance 1, petrification resistance
a: Renounce Religion, Heroism


You were on level 6 of the Dungeon.
You worshipped Okawaru.
Okawaru was most pleased with you.
You visited 2 branches of the dungeon, and saw 8 of its levels.

You collected 361 gold pieces.
You spent 28 gold pieces at shops.

Inventory:

Hand Weapons
 u - a +2 war axe of electrocution
 B - a +2 broad axe of flaming (weapon)
Missiles
 f - 2 throwing nets (quivered)
Armour
 c - a +0 buckler (worn)
 m - a +0 plate armour (worn)
 o - a +0 cloak (worn)
 t - a +0 hat
Jewellery
 b - a ring of positive energy (left hand)
 e - a ring of wizardry
 n - an amulet of regeneration (around neck)
Wands
 r - a wand of digging (5)
 y - a wand of flame (36)
Scrolls
 h - 4 scrolls of magic mapping
 j - 5 scrolls of blinking
 k - 2 scrolls of identify
 v - a scroll of enchant weapon
Potions
 a - 2 potions of curing
 d - 2 potions of might
 g - a potion of cancellation
 i - a potion of mutation
 l - 2 potions of berserk rage
 p - a potion of flight
 q - 2 potions of invisibility
 w - 2 potions of magic
 x - a potion of haste {unknown}
 z - a potion of attraction {unknown}


   Skills:
 + Level 5.7 Fighting
 + Level 7.6 Axes
 + Level 6.5 Armour
 + Level 4.8 Shields
 * Level 4.2 Invocations
 * Level 3.1 Evocations


You had 8 spell levels left.
You didn't know any spells.
Your spell library contained the following spells:

 Spells                   Type           Power      Damage    Failure   Level
 Freeze                   Ice            0%         1d3       100%        1
 Magic Dart               Conj           0%         1d3       100%        1
 Slow                     Hex            0%         N/A       100%        1
 Searing Ray              Conj           0%         2d4       100%        2
 Confusing Touch          Hex            0%         N/A       100%        3
 Frozen Ramparts          Ice            0%         1d1       100%        3
 Gell's Gravitas          Tloc           0%         N/A       100%        3
 Hailstorm                Conj/Ice       0%         3d3       100%        3
 Ozocubu's Armour         Ice            0%         N/A       100%        3
 Portal Projectile        Hex/Tloc       0%         N/A       100%        3
 Teleport Other           Tloc           0%         N/A       100%        3
 Vampiric Draining        Necr           0%         2d6       100%        3
 Fulminant Prism          Conj/Hex       0%         3d5       100%        4
 Blade Hands              Tmut           0%         N/A       100%        5
 Metabolic Englaciation   Hex/Ice        0%         N/A       100%        5
 Dispersal                Tloc           0%         N/A       100%        6
 Tukima's Dance           Hex            Unusable   N/A       N/A         3
 Simulacrum               Ice/Necr       Unusable   N/A       N/A         6

Dungeon Overview and Level Annotations

Branches:
Dungeon (7/15)             Temple (1/1) D:4

Altars:
Ashenzari
Gozag
Hepliaklqana
Kikubaaqudgha
Nemelex Xobeh
Okawaru
Trog
Uskayaw
Vehumet
Yredelemnul
Zin

Shops:
D:6 *


Innate Abilities, Weirdness & Mutations

You are immune to sickness and miasma.
Your stone body is resilient. (AC +6)
You are immune to poison.
You resist negative energy. (rN+)
You are resistant to electric shocks. (rElec)
You are resistant to unholy torment.
You are immune to petrification.


Message History

Okawaru accepts your kill.
You miss the killer bee. You block the killer bee's attack.
The hornet stings you but does no damage.
The killer bee stings you but does no damage.
The hornet barely misses you.
You feel much better.
The killer bee stings you but does no damage.
You block the hornet's attack.
The killer bee stings you but does no damage.
You closely miss the hornet.
The hornet is severely wounded.
You barely miss the killer bee.
The killer bee stings you but does no damage.
The hornet stings you. The killer bee barely misses you.
The hornet stings you but does no damage.
The killer bee stings you but does no damage.
You closely miss the hornet.
The hornet is severely wounded.
You hit the killer bee. You burn the killer bee.
The killer bee stings you but does no damage.
The hornet stings you. The killer bee barely misses you. The hornet stings you.
* * * LOW HITPOINT WARNING * * *
Unknown command.
You hit the hornet but do no damage.
The hornet is severely wounded.
You miss the killer bee. The killer bee barely misses you.
The hornet stings you but does no damage.
The killer bee stings you but does no damage.
The hornet stings you.
* * * LOW HITPOINT WARNING * * *
The killer bee stings you but does no damage.
You barely miss the hornet.
The hornet is severely wounded.
You closely miss the killer bee.
The killer bee stings you but does no damage.
The hornet stings you but does no damage.
The killer bee stings you.
* * * LOW HITPOINT WARNING * * *
The hornet stings you!
You die...

###..#....#'###.#####
.....#....#.........####
.....#....#....)....#..#
####'#)...#...8.<.8.#..#
......))..#.........#..#
..........#.....∩...#..#
..........#.......!.#..#
..........#...8.y†8.#..#
..........#####y@...'..#
....................#..#
....................#..#
+#####'###......#'######
.........#......#..+...#
.........#......'..#...#
##.<###..#......#####..#
.#..###..######.....#..#
.#...#........#....[#..#


You could see a hornet and a killer bee.

Vanquished Creatures
  An acid dragon (D:6)
  A water moccasin (D:6)
  A black bear (D:4)
  Duvessa (D:5)
  2 orc warriors
  3 ice beasts
  A centaur (D:3)
  A phantom (D:5)
  3 necrophages
  2 scorpions (D:6)
  Dowan (D:5)
  3 killer bees (D:6)
  A howler monkey (D:5)
  3 hounds
  A jelly (D:6)
  5 orc priests
  3 iguanas
  8 orc wizards
  6 gnolls
  9 adders
  A shadow imp (D:6)
  4 worms
  A dart slug (D:1)
  32 orcs
  5 ball pythons
  5 endoplasms
  3 giant cockroaches
  7 goblins
  2 hobgoblins
  12 jackals
  4 quokkas
  2 training dummies (D:5)
  3 bats
  6 frilled lizards
  7 kobolds
  6 rats
156 creatures vanquished.

Vanquished Creatures (others)
  A kobold (D:4)
1 creature vanquished.

Grand Total: 157 creatures vanquished

Notes
Turn   | Place    | Note
-------+----------+-------------------------------------------
     0 | D:1      | bande the Gargoyle Fighter began the quest for the Orb.
     0 | D:1      | Reached XP level 1. HP: 14/14 MP: 1/1
    77 | D:1      | Reached XP level 2. HP: 19/19 MP: 2/2
   472 | D:1      | Reached skill level 2 in Axes
   737 | D:2      | Reached XP level 3. HP: 23/23 MP: 3/3
  1058 | D:2      | Reached XP level 4. HP: 28/29 MP: 4/4
  1718 | D:3      | Reached skill level 3 in Axes
  1736 | D:3      | Reached XP level 5. HP: 4/33 MP: 5/5
  2441 | D:3      | Reached skill level 4 in Axes
  2660 | D:4      | Noticed a centaur
  2692 | D:3      | Killed a centaur
  2693 | D:3      | Reached XP level 6. HP: 38/38 MP: 6/6
  2916 | D:4      | Identified a scroll of acquirement
  2916 | D:4      | Acquired a +2 war axe of electrocution
  3005 | D:4      | Noticed a black bear
  3011 | D:4      | Killed a black bear
  3012 | D:4      | Reached XP level 7. HP: 40/44 MP: 7/7
  3096 | D:4      | Reached skill level 5 in Axes
  3120 | D:4      | Found a staircase to the Ecumenical Temple.
  3358 | Temple   | Entered the Ecumenical Temple
  3381 | Temple   | Became a worshipper of Warmaster Okawaru
  3415 | D:5      | Entered Level 5 of the Dungeon
  3512 | D:5      | Noticed Duvessa
  3512 | D:5      | Noticed Dowan
  3518 | D:5      | Killed Duvessa
  3519 | D:5      | Reached skill level 5 in Armour
  3519 | D:5      | Reached skill level 1 in Invocations
  3520 | D:5      | Killed Dowan
  3776 | D:5      | Reached * piety under Okawaru
  4014 | D:5      | Reached skill level 6 in Axes
  4014 | D:5      | Reached XP level 8. HP: 41/48 MP: 9/9
  4068 | D:5      | Found an ancient bone altar of Kikubaaqudgha.
  4090 | D:5      | Reached skill level 1 in Evocations
  4108 | D:5      | Reached skill level 5 in Fighting
  4117 | D:5      | Found a radiant altar of Vehumet.
  4171 | D:5      | Found a hazy altar of Hepliaklqana.
  4790 | D:6      | Found Icul's Assorted Antiques.
  4798 | D:6      | Bought a potion of degeneration for 28 gold pieces
  4823 | D:6      | Reached ** piety under Okawaru
  4897 | D:6      | Reached skill level 7 in Axes
  4897 | D:6      | Reached XP level 9. HP: 50/54 MP: 11/11
  5550 | D:7      | Acquired a +2 broad axe of flaming
  5808 | D:7      | Noticed a hornet
  5815 | D:6      | Reached *** piety under Okawaru
  5827 | D:6      | Slain by a hornet

Illustrated notes

Levels and vault maps discovered:
D:1:      scummos_arrival_star, layout_loops_ring, minmay_ruptured
D:2:      layout_basic
D:3:      layout_loops_ring, minmay_misc_feat_columns
D:4:      layout_loops_ring, minmay_temple_entry_butterflies
D:5:      dreamdust_elfheim, layout_basic, nzn_hepliaklqana_mist_gate,
          nicolae_overflow_squiral
D:6:      layout_gridville, serial_shops, nicolae_stop_n_shop_2
D:7:      layout_cave_pools, serial_gnoll_camp, gnoll_camp_huts_basic,
          gnoll_camp_mini_doghouse, gnoll_camp_mini_basic,
          gnoll_camp_mini_house, hangedman_decor_growths
Temple:   nicolae_temple_ecumenical_triangle

Skill      XL: |  1  2  3  4  5  6  7  8  9 |
---------------+----------------------------+-----
Axes           | 2 3 4 6 7 |  7.6
Armour         | 4 5 6 |  6.5
Fighting       | 4 5 |  5.7
Shields        | 4 |  4.8
Invocations    | 2 3 4 |  4.2
Evocations     | 2 3 |  3.1

Action                   |  1- 3 |  4- 6 |  7- 9 || total
-------------------------+-------+-------+-------++-------
Melee: War axe           |    92 |   176 |   181 ||   449
       Broad axe         |       |       |    45 ||    45
  Use: Scroll            |     8 |     5 |    10 ||    23
       Potion            |       |       |     1 ||     1
Armor: Scale mail        |    54 |    27 |       ||    81
       Chain mail        |       |    65 |       ||    65
       Plate armour      |       |    37 |   215 ||   252
Dodge: Dodged            |    47 |    75 |    75 ||   197
Block: Buckler           |    20 |    34 |    45 ||    99

Table legend: (Time is in decaauts)
 A = Elapsed time spent in this place.
 B = Non-inter-level travel time spent in this place.
 C = Inter-level travel time spent in this place.
 D = Time resting spent in this place.
 E = Time spent auto-exploring this place.
 F = Levels seen in this place.
 G = Mean time per level.
                   A        B        C        D        E       F      G
               +--------+--------+--------+--------+--------+-----+--------+
         Total |   5991 |   5810 |    181 |    565 |   3779 |   8 |  748.9 |
       Dungeon |   5948 |   5770 |    178 |    565 |   3766 |   7 |  849.7 |
        Temple |     42 |     39 |      3 |      0 |     13 |   1 |   42.0 |
               +--------+--------+--------+--------+--------+-----+--------+

Top non-repeatable levels by time:
     D:3: 1164 daAuts
     D:5: 1061 daAuts
     D:6: 989 daAuts
     D:2: 931 daAuts
     D:4: 704 daAuts
     D:1: 681 daAuts
     D:7: 415 daAuts
  Temple: 42 daAuts
